 Dungeon Crawl Stone Soup version 0.29.1-12-g30fa7ad0bf (webtiles) character file.

Game seed: 18383594670576250763

67090 LustLizard the Thrower (level 15, -14/115 HPs)
             Began as a Gnoll Wanderer on Jan 16, 2023.
             Was a High Priest of Qazlal.
             Demolished by an orc knight
             ... wielding a +3 broad axe
              (37 damage)
             ... on level 2 of the Orcish Mines.
             The game lasted 01:09:34 (27654 turns).

LustLizard the Thrower (Gnoll Wanderer)            Turns: 27654, Time: 01:09:35

Health: -14/115    AC: 21    Str: 17    XL:     15   Next: 22%
Magic:  19/38      EV: 14    Int: 22    God:    Qazlal [*****.]
Gold:   1481       SH: 12    Dex:  9    Spells: 20/35 levels left

rFire   . . .      SeeInvis .   R - +5 demon whip (vamp)
rCold   . . .      Faith    .   (no shield)
rNeg    . . .      Spirit   .   s - +0 acid dragon scales
rPois   .          Reflect  +   C - +2 hat
rElec   .          Harm     .   p - +0 cloak
rCorr   +          Rampage  .   q - +2 pair of gloves
Will    +....                   K - +1 pair of boots
Stlth   +.........              N - amulet of reflection
HPRegen 0.29/turn               A - ring of magical power
MPRegen 0.26/turn               X - +6 ring of strength

@: protected from physical damage, repel missiles
A: fangs 1, strong nose, distributed training
a: Renounce Religion, Upheaval, Elemental Force, Disaster Area


You were on level 2 of the Orcish Mines.
You worshipped Qazlal.
Qazlal was extremely pleased with you.
You visited 3 branches of the dungeon, and saw 20 of its levels.
You also visited: Sewer and Bailey.

You collected 1529 gold pieces.
You spent 48 gold pieces at shops.

Inventory:

Hand Weapons
 R - a +5 vampiric demon whip (weapon)
Missiles
 b - 17 boomerangs
 e - 161 stones
 E - 37 poisoned darts
 F - 2 throwing nets
Armour
 p - a +0 cloak (worn)
 q - a +2 pair of gloves (worn)
 s - +0 acid dragon scales (worn)
 v - a +0 buckler
 C - a +2 hat (worn)
 K - a +1 pair of boots (worn)
 U - a +2 robe of fire resistance
Jewellery
 a - a ring of fire
 d - an amulet of magic regeneration
 h - a ring of flight
 A - a ring of magical power (left hand)
 N - an amulet of reflection (around neck)
 V - a +6 ring of dexterity
 X - a +6 ring of strength (right hand)
Wands
 o - a wand of roots (19)
 L - a wand of charming (23)
 S - a wand of flame (26)
Scrolls
 c - 3 scrolls of poison
 f - 2 scrolls of fog
 j - a scroll of enchant weapon
 l - 2 scrolls of identify
 n - 3 scrolls of brand weapon
 u - 4 scrolls of noise
 w - 9 scrolls of teleportation
 y - 3 scrolls of amnesia
 B - 3 scrolls of magic mapping
 D - 6 scrolls of immolation
 J - 3 scrolls of torment
 Y - a scroll of silence
Potions
 g - 12 potions of curing
 i - 8 potions of might
 k - 6 potions of cancellation
 m - 2 potions of ambrosia
 r - 2 potions of magic
 t - 2 potions of attraction
 x - 3 potions of flight
 z - 9 potions of mutation
 G - 5 potions of brilliance
 H - 5 potions of lignification
 M - 7 potions of haste
 P - 2 potions of invisibility
 T - 2 potions of heal wounds


   Skills:
 + Level 10.2 Fighting
 + Level 10.2 Short Blades
 + Level 10.2 Long Blades
 + Level 10.2 Axes
 + Level 10.2 Maces & Flails
 + Level 10.2 Polearms
 + Level 10.2 Staves
 + Level 10.2 Ranged Weapons
 + Level 12.1 Throwing
 + Level 10.2 Armour
 + Level 10.2 Dodging
 + Level 10.2 Stealth
 + Level 10.2 Shields
 + Level 10.2 Unarmed Combat
 + Level 10.6 Spellcasting
 + Level 8.5 Conjurations
 + Level 8.5 Hexes
 + Level 8.5 Summonings
 + Level 8.5 Necromancy
 + Level 8.5 Translocations
 + Level 8.5 Transmutations
 + Level 10.2 Fire Magic
 + Level 8.5 Ice Magic
 + Level 8.5 Air Magic
 + Level 9.4 Earth Magic
 + Level 8.5 Poison Magic
 + Level 11.4 Invocations
 + Level 10.2 Evocations


You had 20 spell levels left.
You knew the following spells:

 Your Spells              Type           Power      Damage    Failure   Level
a - Foxfire               Conj/Fire      100%       2x1d9     1%          1
b - Agony                 Necr           49%        N/A       6%          5
c - Stone Arrow           Conj/Erth      100%       3d13      1%          3
d - Summon Guardian Gole  Hex/Summ       49%        N/A       1%          3
e - Tukima's Dance        Hex            49%        N/A       1%          3

Your spell library contained the following spells:

 Spells                   Type           Power      Damage    Failure   Level
 Beastly Appendage        Tmut           98%        N/A       1%          1
 Sandblast                Erth           100%       2d20      1%          1
 Sublimation of Blood     Necr           49%        N/A       1%          2
 Wereblood                Tmut           49%        N/A       1%          2
 Conjure Flame            Conj/Fire      52%        6-21      1%          3
 Dazzling Flash           Conj/Hex       98%        N/A       1%          3
 Portal Projectile        Hex/Tloc       98%        N/A       1%          3
 Spider Form              Tmut/Pois      49%        N/A       1%          3
 Sticky Flame             Conj/Fire      52%        2d7       1%          4
 Blade Hands              Tmut           24%        N/A       6%          5
 Silence                  Hex/Air        24%        N/A       6%          5
 Orb of Destruction       Conj           24%        9d9       87%         7
 Spellforged Servitor     Conj/Summ      24%        N/A       87%         7
 Summon Hydra             Summ           24%        N/A       87%         7


Dungeon Overview and Level Annotations

Branches:
Dungeon (13/15)            Temple (0/1) D:7            Lair (5/5) D:8
  Swamp (0/4) Lair:2        Snake (0/4) Lair:3        Slime (0/5) Lair:5
    Orc (2/2) D:10            Elf (0/3) Orc:2        Vaults (0/5) D:13
  Sewer (visited)          Bailey (visited)

Altars:
Ashenzari
Dithmenos
Fedhas
Kikubaaqudgha
Nemelex Xobeh
Qazlal
Trog
Uskayaw
Vehumet
Wu Jian
Yredelemnul
Zin
The Shining One
Jiyva

Shops:
D:7 ![?   D:8 (   D:10 *

Annotations:
D:12 exclusion: downstairs
D:13 Urug
Lair:2 3 runed translucent doors, Puri's ghost, journeyman MfIE
Lair:3 3 runed translucent doors, Mail's ghost, journeyman TrFi; Sitoc's ghost, journeyman SpBr
Lair:4 1 transporter, Wuakas's ghost, journeyman GrFi
Orc:1 6 transporters


Innate Abilities, Weirdness & Mutations

You have very sharp teeth.
Your uncanny sense of smell can sniff out nearby items.
Your experience applies equally to all skills.


Message History

The orc knight is severely wounded.
You whack the orc knight!
You feel better.
The orc knight is almost dead.
Casting: Stone Arrow (safe; 1% risk of failure)
Confirm with . or Enter, or press ? or * to list all spells.
Okay, then.
Okay, then.
Activating: Elemental Force (0% risk of failure)
Press: ? - help, Dir - look around, f - activate Clouds arounds you coalesce and take form!
The orc knight misses you.
The ogre hits your water elemental with a +0 giant club.
The orc sorcerer hits your water elemental with a +0 dagger!
The orc knight hits you with a +3 broad axe.
You feel more protected from physical attacks.
The orc knight is engulfed in blazing flames.
You whack the orc knight! Your bite misses the orc knight.
The orc knight is almost dead.
The orc sorcerer hits your water elemental with a +0 dagger!
You block the orc knight's attack.
The orc knight hits you with a +0 great sword!!
Unknown command.
You whack the orc knight!
You kill the orc knight!
Qazlal accepts your kill.
Your water elemental hits the orc sorcerer!!
Your water elemental engulfs the orc sorcerer in water!
The ogre hits your water elemental with a +0 giant club!!
Unknown command.
You hit the orc knight but do no damage.
You punch the orc knight, but do no damage.
The orc knight is heavily wounded.
The orc sorcerer is asphyxiated!
The orc sorcerer dies!
Qazlal accepts your kill.
The orc knight attacks as you move away!
The orc knight hits you with a +0 dire flail!!
* * * LOW HITPOINT WARNING * * *
The orc knight hits you with a +3 broad axe!!!
You die...

.......#.........#....,,,*
........#..........#.,,,**
........##.....#....#*,**
.))............$....#,,.#
.).............☼☼...##.#*
.))..........##°.†....###
..<...........##o#O)....#*
....#.#.........oE#*,,,,,*
$...##.........#@##,,,*,**
...........##.####,,,****
#.#.##.##$##### **,**
########### ***


You could see 2 orc knights, an ogre and a friendly water elemental (summoned).

Vanquished Creatures
  Rupert (D:12)
  An orc warlord (Orc:2)
  Snorg (Lair:3)
  4 hydras
  A boulder beetle (D:12)
  2 catoblepae
  3 two-headed ogres
  A deep troll shaman (Lair:5)
  4 death yaks (Lair:5)
  An orc high priest (Orc:2)
  A fire crab (Lair:5)
  A lindwurm (Lair:5)
  An orc knight (Orc:2)
  An ugly thing (D:12)
  A cyclops (D:12)
  A will-o-the-wisp (Lair:2)
  3 oklob plants (Lair:2)
  19 elephants
  Joseph (D:8)
  4 black mambas
  Maggie (D:6)
  14 cane toads
  A rime drake (Lair:4)
  2 kobold demonologists (D:12)
  11 komodo dragons
  An efreet (D:10)
  5 polar bears
  2 slime creatures (D:12)
  A troll (Orc:2)
  A hornet (D:7)
  5 dream sheep (Lair:5)
  15 blink frogs
  A vampire (D:12)
  3 wraiths
  41 yaks
  A basilisk (Lair:4)
  5 wyverns
  2 humans
  2 steam dragons
  3 vampire mosquitoes (D:11)
  Eustachio (D:4)
  2 wargs (Orc:2)
  A naga (Lair:3)
  8 water moccasins
  3 acid dragons
  20 orc warriors
  2 ice beasts
  A sky beast (D:6)
  A black bear (D:7)
  3 ogres (D:5)
  14 wolves (Lair:5)
  4 centaurs
  A phantom (D:6)
  5 kobold brigands
  6 bullfrogs
  A necrophage (D:4)
  6 scorpions
  8 wights (D:9)
  14 killer bees
  2 electric eels (Lair:3)
  11 howler monkeys
  A jelly (D:6)
  A crimson imp (D:7)
  6 hounds
  9 orc priests
  2 gnoll boudas
  5 iguanas
  14 orc wizards
  21 gnolls
  16 adders
  2 shadow imps (D:5)
  A white imp (D:7)
  2 ufetubi (D:5)
  4 worms
  A dart slug (D:1)
  41 orcs
  8 ball pythons
  4 endoplasms
  8 giant cockroaches
  7 goblins
  7 hobgoblins
  3 jackals (D:1)
  8 quokkas
  5 bats
  14 frilled lizards
  18 kobolds
  3 rats
  7 foxfires
501 creatures vanquished.

Vanquished Creatures (collateral kills)
  An orc sorcerer (Orc:2)
  27 foxfires
28 creatures vanquished.

Vanquished Creatures (others)
  An orc knight (Bailey)
  A wizard (D:4)
  2 black mambas (Lair:2)
  3 elephants
  An unseen horror (D:10)
  A hornet (Lair:2)
  2 blink frogs
  4 yaks
  A warg (Orc:2)
  A dancing weapon (Bailey)
  An orc warrior (Orc:2)
  A wight (D:9)
  2 killer bees (D:10)
  A howler monkey (D:11)
  An orc priest (D:10)
  An orc wizard (D:5)
  A gnoll (Bailey)
  An orc (Orc:2)
  1316 foxfires
  9 fungi
  24 plants
  A withered plant (Lair:3)
1376 creatures vanquished.

Grand Total: 1905 creatures vanquished

Notes
Turn   | Place    | Note
-------+----------+-------------------------------------------
     0 | D:1      | LustLizard the Gnoll Wanderer began the quest for the Orb.
     0 | D:1      | LustLizard set off with the following items: a +0 dagger, 6
                  | boomerangs, a scroll of fear, a +0 robe; and the following
                  | spells available to memorise: Sandblast, Foxfire, Conjure
                  | Flame, Stone Arrow, Sticky Flame.
     0 | D:1      | Reached XP level 1. HP: 13/13 MP: 4/4
     2 | D:1      | Learned a level 1 spell: Foxfire
     4 | D:1      | Learned a level 1 spell: Sandblast
   252 | D:1      | Reached XP level 2. HP: 19/19 MP: 2/5
   993 | D:2      | Reached XP level 3. HP: 25/25 MP: 0/7
  1368 | D:2      | Reached skill level 1 in Fighting
  1368 | D:2      | Reached skill level 1 in Short Blades
  1368 | D:2      | Reached skill level 1 in Long Blades
  1368 | D:2      | Reached skill level 1 in Axes
  1368 | D:2      | Reached skill level 1 in Maces & Flails
  1368 | D:2      | Reached skill level 1 in Polearms
  1368 | D:2      | Reached skill level 1 in Staves
  1368 | D:2      | Reached skill level 1 in Ranged Weapons
  1368 | D:2      | Reached skill level 1 in Armour
  1368 | D:2      | Reached skill level 1 in Dodging
  1368 | D:2      | Reached skill level 1 in Stealth
  1368 | D:2      | Reached skill level 1 in Shields
  1368 | D:2      | Reached skill level 1 in Unarmed Combat
  1368 | D:2      | Reached skill level 1 in Evocations
  1480 | D:2      | Reached XP level 4. HP: 32/32 MP: 3/8
  1592 | D:2      | Reached skill level 1 in Conjurations
  1592 | D:2      | Reached skill level 1 in Hexes
  1592 | D:2      | Reached skill level 1 in Summonings
  1592 | D:2      | Reached skill level 1 in Necromancy
  1592 | D:2      | Reached skill level 1 in Translocations
  1592 | D:2      | Reached skill level 1 in Transmutations
  1592 | D:2      | Reached skill level 1 in Ice Magic
  1592 | D:2      | Reached skill level 1 in Air Magic
  1592 | D:2      | Reached skill level 1 in Poison Magic
  2349 | D:3      | Found a hide-covered altar of Uskayaw.
  2349 | D:3      | Found an ornate altar of the Wu Jian Council.
  2349 | D:3      | Found a basalt altar of Yredelemnul.
  2349 | D:3      | Found a glowing silver altar of Zin.
  2557 | D:3      | Reached XP level 5. HP: 26/37 MP: 5/9
  3781 | D:4      | Reached XP level 6. HP: 43/44 MP: 11/11
  4027 | D:4      | Found a bloodstained altar of Trog.
  4030 | D:4      | Noticed a wizard
  4035 | D:4      | Killed a wizard
  4143 | D:4      | Noticed Eustachio
  4245 | D:4      | Learned a level 3 spell: Stone Arrow
  4347 | D:4      | Killed Eustachio
  4348 | D:4      | Reached skill level 7 in Throwing
  4348 | D:4      | Reached XP level 7. HP: 40/50 MP: 3/12
  4783 | D:5      | Entered Level 5 of the Dungeon
  5223 | D:5      | Noticed a steam dragon
  5232 | D:5      | Reached XP level 8. HP: 58/58 MP: 11/14
  6396 | D:5      | Found a stormy altar of Qazlal.
  6397 | D:5      | Found a glowing golden altar of the Shining One.
  6430 | D:5      | Became a worshipper of Qazlal Stormbringer
  6504 | D:6      | Reached skill level 5 in Earth Magic
  6504 | D:6      | Reached skill level 5 in Invocations
  6557 | D:6      | Found a glowing drain.
  6578 | D:6      | Learned a level 3 spell: Summon Guardian Golem
  6624 | Sewer    | Entered a sewer
  6866 | Sewer    | Reached XP level 9. HP: 65/65 MP: 16/16
  6914 | Sewer    | Reached * piety under Qazlal
  7064 | Sewer    | Reached skill level 5 in Spellcasting
  8029 | D:6      | Noticed Maggie
  8063 | D:6      | HP: 2/65 [Maggie/bolt of fire (18)]
  8405 | D:6      | Killed Maggie
  8406 | D:6      | Reached skill level 8 in Throwing
  9079 | D:7      | Noticed a hornet
  9100 | D:7      | Found a staircase to the Ecumenical Temple.
  9178 | D:7      | Found Ikuxeal's Magic Scroll Boutique.
  9218 | D:7      | Bought a scroll of teleportation for 48 gold pieces
  9576 | D:7      | Found Ziptos's Distillery.
  9613 | D:7      | Found a broken altar of Ashenzari.
  9763 | D:7      | Learned a level 3 spell: Tukima's Dance
 10444 | D:8      | Reached skill level 5 in Fighting
 10444 | D:8      | Reached skill level 5 in Short Blades
 10444 | D:8      | Reached skill level 5 in Long Blades
 10444 | D:8      | Reached skill level 5 in Axes
 10444 | D:8      | Reached skill level 5 in Maces & Flails
 10444 | D:8      | Reached skill level 5 in Polearms
 10444 | D:8      | Reached skill level 5 in Staves
 10444 | D:8      | Reached skill level 5 in Ranged Weapons
 10444 | D:8      | Reached skill level 5 in Armour
 10444 | D:8      | Reached skill level 5 in Dodging
 10444 | D:8      | Reached skill level 5 in Stealth
 10444 | D:8      | Reached skill level 5 in Shields
 10444 | D:8      | Reached skill level 5 in Unarmed Combat
 10444 | D:8      | Reached skill level 5 in Evocations
 10444 | D:8      | Reached XP level 10. HP: 74/74 MP: 18/18
 10473 | D:8      | Found Ogoixo's Weapon Shoppe.
 10658 | D:8      | Found a flagged portal.
 10679 | D:8      | Reached ** piety under Qazlal
 10825 | Bailey   | Entered a bailey
 11142 | Bailey   | Noticed an orc knight
 11157 | Bailey   | Killed an orc knight
 11658 | D:8      | Noticed Joseph
 11669 | D:8      | Killed Joseph
 11754 | D:8      | Found a staircase to the Lair.
 11787 | D:8      | Found a radiant altar of Vehumet.
 11909 | D:8      | Found a shadowy altar of Dithmenos.
 12708 | D:9      | Reached *** piety under Qazlal
 12880 | D:9      | Reached skill level 9 in Throwing
 13045 | D:9      | Reached skill level 5 in Conjurations
 13045 | D:9      | Reached skill level 5 in Hexes
 13045 | D:9      | Reached skill level 5 in Summonings
 13045 | D:9      | Reached skill level 5 in Necromancy
 13045 | D:9      | Reached skill level 5 in Translocations
 13045 | D:9      | Reached skill level 5 in Transmutations
 13045 | D:9      | Reached skill level 5 in Ice Magic
 13045 | D:9      | Reached skill level 5 in Air Magic
 13045 | D:9      | Reached skill level 5 in Poison Magic
 13045 | D:9      | Reached XP level 11. HP: 45/81 MP: 5/21
 13502 | D:10     | Entered Level 10 of the Dungeon
 13764 | D:10     | Found a staircase to the Orcish Mines.
 14012 | D:10     | Found a blossoming altar of Fedhas.
 14012 | D:10     | Found an ancient bone altar of Kikubaaqudgha.
 14271 | D:10     | Reached XP level 12. HP: 91/91 MP: 23/23
 14678 | D:10     | Noticed a two-headed ogre
 14690 | D:10     | Killed a two-headed ogre
 14977 | D:10     | Found Save Yrgh's Lightly-Used Armoury.
 15307 | D:10     | Reached skill level 10 in Throwing
 15964 | D:11     | Noticed a two-headed ogre
 15980 | D:11     | Killed a two-headed ogre
 15993 | D:11     | Noticed a five-headed hydra
 16692 | D:11     | Learned a level 5 spell: Agony
 17318 | Lair:1   | Entered Level 1 of the Lair of Beasts
 17452 | Lair:1   | Reached **** piety under Qazlal
 17693 | Lair:1   | Reached XP level 13. HP: 86/98 MP: 23/25
 19380 | Lair:2   | Found a runed translucent gate.
 19381 | Lair:2   | Found a runed translucent gate.
 19382 | Lair:2   | Found a runed translucent gate.
 19386 | Lair:2   | Found a viscous altar of Jiyva.
 19386 | Lair:2   | Noticed Puri's ghost (journeyman MfIE)
 19634 | Lair:2   | Reached ***** piety under Qazlal
 20267 | Lair:2   | Reached skill level 11 in Throwing
 20267 | Lair:2   | Reached skill level 10 in Invocations
 20283 | Lair:2   | Identified the +0 plate armour of Qazlal's Envy {rN+}
 20639 | Lair:2   | Found a staircase to the Swamp.
 21045 | Lair:3   | Found a staircase to the Snake Pit.
 21055 | Lair:3   | Noticed Snorg
 21064 | Lair:3   | Killed Snorg
 21712 | Lair:3   | Found a runed translucent gate.
 21712 | Lair:3   | Found a runed translucent gate.
 21712 | Lair:3   | Found a runed translucent gate.
 21983 | Lair:3   | Noticed Mail's ghost (journeyman TrFi)
 21983 | Lair:3   | Noticed Sitoc's ghost (journeyman SpBr)
 22294 | Lair:4   | Reached XP level 14. HP: 108/108 MP: 27/27
 22528 | Lair:4   | Noticed Wuakas's ghost (journeyman GrFi)
 22667 | Lair:4   | Found a transporter.
 23292 | Lair:5   | Entered Level 5 of the Lair of Beasts
 24029 | Lair:5   | Found a viscous altar of Jiyva.
 24039 | Lair:5   | Found a staircase to the Slime Pits.
 24138 | Lair:5   | Reached skill level 10 in Spellcasting
 24837 | Lair:5   | Reached skill level 10 in Fire Magic
 25161 | Lair:5   | Identified the +7 long sword "Vowympuff" {drain, Dex+3}
 25168 | Lair:5   | Identified the +2 whip "Toef" {drain, Int+4}
 25171 | Lair:5   | Identified the +7 falchion of the Ten Spirits {venom, rC-
                  | rCorr Str+7 SInv}
 25411 | D:7      | Found Oleir's Armour Boutique.
 25933 | D:12     | Reached skill level 10 in Fighting
 25933 | D:12     | Reached skill level 10 in Short Blades
 25933 | D:12     | Reached skill level 10 in Long Blades
 25933 | D:12     | Reached skill level 10 in Axes
 25933 | D:12     | Reached skill level 10 in Maces & Flails
 25933 | D:12     | Reached skill level 10 in Polearms
 25933 | D:12     | Reached skill level 10 in Staves
 25933 | D:12     | Reached skill level 10 in Ranged Weapons
 25933 | D:12     | Reached skill level 10 in Armour
 25933 | D:12     | Reached skill level 10 in Dodging
 25933 | D:12     | Reached skill level 10 in Stealth
 25933 | D:12     | Reached skill level 10 in Shields
 25933 | D:12     | Reached skill level 10 in Unarmed Combat
 25933 | D:12     | Reached skill level 10 in Evocations
 26065 | D:12     | Reached ****** piety under Qazlal
 26305 | D:12     | Reached XP level 15. HP: 106/115 MP: 24/29
 26518 | D:13     | Noticed Rupert
 26518 | D:13     | Noticed Urug
 26518 | D:13     | Found a gate to the Vaults.
 26769 | D:12     | Killed Rupert
 27186 | Orc:1    | Entered Level 1 of the Orcish Mines
 27287 | Orc:1    | Found a sparkling altar of Nemelex Xobeh.
 27287 | Orc:1    | Found a transporter.
 27287 | Orc:1    | Found a transporter.
 27287 | Orc:1    | Found a transporter.
 27288 | Orc:1    | Found a transporter.
 27288 | Orc:1    | Found a transporter.
 27291 | Orc:1    | Noticed a juggernaut
 27294 | Orc:1    | Found a transporter.
 27423 | Orc:2    | Entered Level 2 of the Orcish Mines
 27459 | Orc:2    | Reached skill level 12 in Throwing
 27546 | Orc:2    | Noticed an orc warlord
 27570 | Orc:2    | Killed an orc warlord
 27654 | Orc:2    | Demolished by an orc knight

Illustrated notes

Levels and vault maps discovered:
D:1:      mushboom_english_gardens, layout_basic, minmay_misc_feat_enclosed
D:2:      layout_loops_ring, minmay_liquid_box, minmay_snake_closets
D:3:      layout_loops_corners, chequers_temple_overflow_statue_of_worship,
          minmay_misc_feat_roman, chequers_serial_rivers_micro_b
D:4:      layout_rooms, trog_wizard, hex_medium, uniq_eustachio
D:5:      layout_basic, grunt_temple_overflow_open,
          chequers_serial_rivers_room_b, minmay_joined_circles
D:6:      layout_basic, portal_sewer_entry_a, minmay_misc_feat_encased,
          minmay_misc_feat_chi, serial_bayou_pond_d,
          ebering_dispersal_statue_hall, hangedman_decor_opposing,
          minmay_misc_feat_pillars, minivault_5, uniq_maggie
D:7:      layout_basic, mainiacjoe_overflow_paths,
          minmay_temple_entry_antechambers, serial_shops,
          nicolae_shop_competitors_out_of_business, nicolae_lakefront_shop,
          shop_coins, roderic_cross_of_infinity, minmay_fire_ice_demons
D:8:      layout_rooms, nicolae_dithmenos_the_darkroom,
          lemuel_coloured_pillars_altar, lair_entry_dummy, enter_bailey_3,
          serial_shops, shop, uniq_joseph
D:9:      layout_stronghold
D:10:     layout_grid_maze, grunt_temple_overflow_growth_and_decay, orc_david_3,
          minmay_shop_damaged
D:11:     layout_stronghold, serial_column_ruins, column_ruins_square_large,
          column_ruins_hut_ruined, column_ruins_grid_3,
          column_ruins_corridor_plus, column_ruins_open_small,
          column_ruins_grid_2, column_ruins_open_tiny,
          column_ruins_columns_corner, column_ruins_open_tiny
D:12:     layout_loops_ring
D:13:     layout_small_grid, david_vaults_3, hellmonk_ghost_big_iron,
          billiards_dpeg
Lair:1:   layout_gridlike
Lair:2:   minmay_lair_oklob_chamber, layout_layer_cave,
          minmay_swamp_entry_wisps, gammafunk_ghost_ooze, beast_lair_carwin_6,
          lemuel_fruit_tree, infiniplex_staircase_pool_2
Lair:3:   layout_chaotic_city, guppyfry_snake_entry_island,
          gammafunk_ghost_cemetery, columned_hall_lemuel, grunt_megastairs_2,
          serial_bayou_shore_a, uniq_snorg
Lair:4:   layout_cellular_growth, nzn_ghost_randoct, minivault_27,
          lookout_lair_type
Lair:5:   grunt_lair_end_beastmaster, layout_regular_city,
          dpeg_slime_entry_corner
Orc:1:    layout_diamond_mine, portal_ice_cave_entry_ice_simulacra,
          gammafunk_ghost_cemetery, hellmonk_jugg_or_not
Orc:2:    grunt_orc_cross, layout_caves, basic_altar, serial_shops,
          freezing_bzr, uniq_urug, uniq_nessos

Skill      XL: |  1  2  3  4  5  6  7  8  9 10 11 12 13 14 15 |
---------------+----------------------------------------------+-----
Fighting       | 1 2 3 5 6 7 8 9 10 | 10.2
Short Blades   | 1 2 3 5 6 7 8 9 10 | 10.2
Long Blades    | 1 2 3 5 6 7 8 9 10 | 10.2
Axes           | 1 2 3 5 6 7 8 9 10 | 10.2
Maces & Flails | 1 2 3 5 6 7 8 9 10 | 10.2
Polearms       | 1 2 3 5 6 7 8 9 10 | 10.2
Staves         | 1 2 3 5 6 7 8 9 10 | 10.2
Ranged Weapons | 1 2 3 5 6 7 8 9 10 | 10.2
Armour         | 1 2 3 5 6 7 8 9 10 | 10.2
Dodging        | 1 2 3 5 6 7 8 9 10 | 10.2
Stealth        | 1 2 3 5 6 7 8 9 10 | 10.2
Shields        | 1 2 3 5 6 7 8 9 10 | 10.2
Unarmed Combat | 1 2 3 5 6 7 8 9 10 | 10.2
Evocations     | 1 2 3 5 6 7 8 9 10 | 10.2
Spellcasting   | 3 4 5 6 7 8 9 10 | 10.6
Conjurations   | 1 2 3 4 5 6 7 8 |  8.5
Hexes          | 1 2 3 4 5 6 7 8 |  8.5
Summonings     | 1 2 3 4 5 6 7 8 |  8.5
Necromancy     | 1 2 3 4 5 6 7 8 |  8.5
Translocations | 1 2 3 4 5 6 7 8 |  8.5
Transmutations | 1 2 3 4 5 6 7 8 |  8.5
Ice Magic      | 1 2 3 4 5 6 7 8 |  8.5
Air Magic      | 1 2 3 4 5 6 7 8 |  8.5
Poison Magic   | 1 2 3 4 5 6 7 8 |  8.5
Invocations    | 3 4 5 6 7 8 9 10 11 | 11.4
Earth Magic    | 4 5 6 7 8 9 |  9.4
Throwing       | 7 8 9 10 11 12 | 12.1
Fire Magic     | 6 7 8 9 10 | 10.2

Action                   |  1- 3 |  4- 6 |  7- 9 | 10-12 | 13-15 || total
-------------------------+-------+-------+-------+-------+-------++-------
Melee: Short sword       |     5 |    33 |    92 |    32 |       ||   162
       Bite              |       |     3 |    14 |    14 |   105 ||   136
       Punch             |       |       |     3 |       |    42 ||    45
       Halberd           |       |       |       |   136 |    92 ||   228
       Demon whip        |       |       |       |       |   561 ||   561
Throw: Boomerang         |     2 |       |       |       |       ||     2
 Cast: Foxfire           |    71 |   100 |   255 |   149 |   221 ||   796
       Stone Arrow       |       |     8 |    56 |   139 |   168 ||   371
       Sandblast         |       |       |     3 |       |       ||     3
       Summon Guardian G |       |       |     1 |    20 |    18 ||    39
       Tukima's Dance    |       |       |       |     4 |     3 ||     7
       Agony             |       |       |       |       |     5 ||     5
Invok: Elemental Force   |       |       |       |       |     1 ||     1
       Disaster Area     |       |       |       |       |     1 ||     1
  Use: Scroll            |       |     5 |    16 |     7 |    15 ||    43
       Potion            |       |       |     1 |     1 |     3 ||     5
 Stab: Sleeping          |       |       |     1 |       |       ||     1
       Petrified         |       |       |       |       |    11 ||    11
Armor: Robe              |     6 |    15 |       |       |       ||    21
       Leather armour    |       |       |    53 |       |       ||    53
       Acid dragon scale |       |       |    13 |   133 |   220 ||   366
Dodge: Dodged            |     8 |    24 |    94 |   191 |   309 ||   626
Block: Other             |       |       |     2 |    54 |   330 ||   386
       Reflection        |       |       |       |       |     6 ||     6
